 Dungeon Crawl Stone Soup version 0.29-a0-321-gf1c400731a (webtiles) character file.

Game seed: 5461387579113397053

733 dolemite99 the Cleaver (level 7, -2/57 HPs)
             Began as a Hill Orc Fighter on Apr 3, 2022.
             Was a Believer of Kikubaaqudgha.
             Killed from afar by Dowan (11 damage)
             ... with a stone arrow
             ... on level 4 of the Dungeon.
             The game lasted 00:03:58 (4261 turns).

dolemite99 the Cleaver (Hill Orc Fighter)           Turns: 4261, Time: 00:03:58

Health: -2/57      AC: 16    Str: 20 (21) XL:     7   Next: 74%
Magic:  0/7        EV:  5    Int:  7 (8)  God:    Kikubaaqudgha [**....]
Gold:   208        SH:  4    Dex:  7 (10) Spells: 6/6 levels left

rFire   + . .      SeeInvis .   a - +0 war axe
rCold   . . .      Faith    .   c - +0 buckler
rNeg    . . .      Spirit   +   f - +0 plate armour
rPois   +          Reflect  .   d - +0 helmet
rElec   .          Harm     .   w - +2 cloak {rPois}
rCorr   .          Rampage  .   (no gloves)
Will    .....                   t - +0 pair of boots
Stlth   ..........              x - amulet of guardian spirit
HPRegen 0.19/turn               g - ring of poison resistance
MPRegen 0.10/turn               i - ring of protection from fire

@: no status effects
A: no striking features
a: Renounce Religion, Receive Corpses


You were on level 4 of the Dungeon.
You worshipped Kikubaaqudgha.
Kikubaaqudgha was pleased with you.
You visited 1 branch of the dungeon, and saw 4 of its levels.

You collected 208 gold pieces.

Inventory:

Hand Weapons
 a - a +0 war axe (weapon)
 l - a +1 dagger of venom
Missiles
 u - 6 boomerangs (quivered)
 y - 35 stones
Armour
 b - a +0 scale mail
 c - a +0 buckler (worn)
 d - a +0 helmet (worn)
 f - a +0 plate armour (worn)
 t - a +0 pair of boots (worn)
 w - a +2 cloak of poison resistance (worn)
Jewellery
 g - a ring of poison resistance (left hand)
 i - a ring of protection from fire (right hand)
 v - a ring of see invisible
 x - an amulet of guardian spirit (around neck)
Scrolls
 h - a scroll of teleportation {unknown}
 j - 2 scrolls of noise {unknown}
 k - a scroll of summoning {unknown}
 m - a scroll of enchant weapon {unknown}
 n - a scroll of vulnerability {unknown}
 o - 6 scrolls of identify {unknown}
 q - a scroll of acquirement {unknown}
 r - a scroll of fog {unknown}
Potions
 e - a potion of haste
 p - a potion of lignification


   Skills:
 - Level 3.6 Fighting
 + Level 11.1 Axes
 - Level 3.2 Armour
 - Level 3.2 Shields


You had 6 spell levels left.
You didn't know any spells.
Your spell library contained the following spells:

 Spells                   Type           Power      Damage    Failure   Level
 Animate Skeleton         Necr           0%         N/A       100%        1
 Sublimation of Blood     Necr           0%         N/A       100%        2
 Vampiric Draining        Necr           0%         2d6       100%        3
 Agony                    Necr           0%         N/A       100%        5


Dungeon Overview and Level Annotations

Branches:
Dungeon (4/15)
 Temple: D:4-7

Altars:
Elyvilon
Kikubaaqudgha

Annotations:
D:4 Dowan


Message History

Duvessa is almost dead.
You hit Dowan. Duvessa hits you but does no damage.
Dowan hits you but does no damage.
You barely miss Duvessa.
Duvessa is almost dead.
You closely miss Dowan. Duvessa hits you but does no damage.
Dowan barely misses you.
You slash Duvessa!
You kill Duvessa!
Kikubaaqudgha accepts your kill.
Dowan screams, "No!
Oh no!"
Dowan seems to find hidden reserves of power!
You barely miss Dowan.
Dowan hits you with a +0 dagger of protection.
You feel your strength returning.
Your Axes skill increases to level 11!
You hit Dowan.
Dowan is almost dead.
You block Dowan's attack.
You hit Dowan but do no damage.
Dowan is almost dead.
Dowan points at you and mumbles some strange words.
The shard of ice hits you! Dowan barely misses you.
You closely miss Dowan.
Dowan is almost dead.
Dowan gestures at you while chanting. The stone arrow hits you!
* * * LOW HITPOINT WARNING * * *
You closely miss Dowan.
Dowan is almost dead.
Dowan closely misses you. Dowan gestures at you while chanting.
The shard of ice hits you!
* * * LOW HITPOINT WARNING * * *
You barely miss Dowan.
Dowan is almost dead.
Dowan casts a spell at you. The stone arrow hits you!
You die...
Kikubaaqudgha rasps: "You have failed me!
Welcome... death!"

#.##.....#########..
+...................
#........#########..
#####.#.## ##.
###.### ## #..<..#
### #.....# ##.##
#########.#.#.#
##.#.#
#.....)@e.....#
##.###.
#.#######.....# #.##
## #.#.### ##.###.
#.#.# ##.#.#
.###.###.#.# ##...#
..e....ยง.#.# #.>...
####.......# ##....
######### ##.## ###


You could see Dowan (fast).

Vanquished Creatures
  Menkaure (D:4)
  Duvessa (D:4)
  An orc warrior (D:4)
  A black bear (D:4)
  Crazy Yiuf (D:3)
  A hound (D:4)
  Jessica (D:2)
  Ijyb (D:3)
  3 orc wizards
  6 adders
  4 worms (D:2)
  3 dart slugs
  4 orcs (D:3)
  8 endoplasms
  3 giant cockroaches
  5 hobgoblins
  3 jackals (D:3)
  5 kobolds
  3 quokkas
  8 ball pythons
  4 bats
  4 frilled lizards
  6 goblins
  4 rats
81 creatures vanquished.

Vanquished Creatures (others)
  An orc (D:3)
1 creature vanquished.

Grand Total: 82 creatures vanquished

Notes
Turn   | Place    | Note
-------+----------+-------------------------------------------
     0 | D:1      | dolemite99 the Hill Orc Fighter began the quest for the
                  | Orb.
     0 | D:1      | Reached XP level 1. HP: 19/19 MP: 1/1
    70 | D:1      | Found a faded altar of an unknown god.
    78 | D:1      | Prayed at the altar of an unknown god.
    78 | D:1      | Became a worshipper of Kikubaaqudgha
    78 | D:1      | Reached * piety under Kikubaaqudgha
    78 | D:1      | Received a gift from Kikubaaqudgha
    95 | D:1      | Reached skill level 3 in Axes
   136 | D:1      | Reached XP level 2. HP: 25/26 MP: 2/2
   213 | D:1      | Reached skill level 4 in Axes
   320 | D:1      | Reached XP level 3. HP: 21/31 MP: 3/3
   702 | D:1      | Reached ** piety under Kikubaaqudgha
   934 | D:2      | Reached skill level 5 in Axes
  1087 | D:2      | Noticed Jessica
  1094 | D:2      | Killed Jessica
  1095 | D:2      | Reached XP level 4. HP: 39/39 MP: 4/4
  1193 | D:2      | Reached skill level 6 in Axes
  1631 | D:3      | Noticed Ijyb
  1639 | D:3      | Killed Ijyb
  1640 | D:3      | Reached XP level 5. HP: 28/45 MP: 5/5
  1657 | D:3      | Reached skill level 7 in Axes
  2287 | D:3      | Found a white marble altar of Elyvilon.
  2339 | D:3      | Found a runed translucent door.
  2340 | D:3      | Noticed Crazy Yiuf
  2824 | D:3      | Killed Crazy Yiuf
  2825 | D:3      | Reached skill level 8 in Axes
  2825 | D:3      | Reached XP level 6. HP: 21/51 MP: 6/6
  3383 | D:4      | Noticed Menkaure
  3396 | D:4      | Killed Menkaure
  3397 | D:4      | Reached skill level 9 in Axes
  3458 | D:4      | Noticed an orc warrior
  3460 | D:4      | Noticed a black bear
  3470 | D:4      | Killed a black bear
  3471 | D:4      | Reached XP level 7. HP: 42/57 MP: 4/7
  3494 | D:4      | Reached skill level 10 in Axes
  4229 | D:4      | Noticed Dowan
  4236 | D:4      | Noticed Duvessa
  4256 | D:4      | Killed Duvessa
  4257 | D:4      | Reached skill level 11 in Axes
  4261 | D:4      | Killed from afar by Dowan

Illustrated notes

Levels and vault maps discovered:
D:1:      lightli_molten_gateway, layout_rooms,
          hellmonk_ecumenical_altar_leap_of_faith
D:2:      layout_loops_ring, uniq_jessica
D:3:      layout_loops_ring, mainiacjoe_overflow_alcove_4,
          nicolae_figureground_sparkle, uniq_crazy_yiuf_cottage, uniq_ijyb
D:4:      minmay_recursive_quarters, layout_loops_corners, uniq_menkaure,
          uniq_duvessa

Skill      XL: |  1  2  3  4  5  6  7 |
---------------+----------------------+-----
Axes           | 3 4 5 6 8 9 11 | 11.1
Fighting       | |  3.6
Armour         | |  3.2
Shields        | |  3.2

Action                   |  1- 3 |  4- 6 |  7- 9 || total
-------------------------+-------+-------+-------++-------
Melee: War axe           |    87 |    93 |    58 ||   238
Throw: Boomerang         |       |    14 |     3 ||    17
  Use: Potion            |       |     3 |     5 ||     8
Armor: Scale mail        |    42 |    47 |    13 ||   102
       Plate armour      |       |       |    29 ||    29
       Skin              |       |       |    13 ||    13
Dodge: Dodged            |    36 |    35 |    22 ||    93
Block: Buckler           |    22 |    18 |    11 ||    51

Table legend: (Time is in decaauts)
 A = Elapsed time spent in this place.
 B = Non-inter-level travel time spent in this place.
 C = Inter-level travel time spent in this place.
 D = Time resting spent in this place.
 E = Time spent auto-exploring this place.
 F = Levels seen in this place.
 G = Mean time per level.
                   A        B        C        D        E       F      G
               +--------+--------+--------+--------+--------+-----+--------+
         Total |   4303 |   4223 |     80 |    993 |   2470 |   4 | 1075.8 |
       Dungeon |   4303 |   4223 |     80 |    993 |   2470 |   4 | 1075.8 |
               +--------+--------+--------+--------+--------+-----+--------+

Top non-repeatable levels by time:
     D:3: 1782 daAuts
     D:4: 905 daAuts
     D:2: 822 daAuts
     D:1: 793 daAuts
